 Dungeon Crawl Stone Soup version 0.24.1-8-ga250c9d538 (webtiles) character file.

Game seed: 15958886091402556513, levelgen mode: deterministic

305 Hugehornet the Changer (level 6, 0/38 HPs)
             Began as an Octopode Transmuter on May 4, 2020.
             Was an Initiate of Cheibriados.
             Slain by a jackal (3 damage)
             ... on level 4 of the Dungeon.
             The game lasted 00:08:07 (4901 turns).

Hugehornet the Changer (Octopode Transmuter)        Turns: 4901, Time: 00:08:07

Health: 0/38       AC:  1    Str: 11    XL:     6   Next: 39%
Magic:  7/9        EV: 13    Int: 18    God:    Cheibriados [......]
Gold:   207        SH:  0    Dex: 13    Spells: 3/9 levels left

rFire    . . .     SeeInvis .     - Unarmed
rCold    . . .     Gourm    .   (no shield)
rNeg     . . .     Faith    .   (helmet restricted)
rPois    .         Spirit   .   (no amulet)
rElec    .         Reflect  .   e - ring of protection from magic
rCorr    .         Harm     .   (no ring)
MR       +....                  (no ring)
Stlth    ++........             (no ring)
HPRegen  0.12/turn              (no ring)
MPRegen  0.11/turn              (no ring)
                                (no ring)
                                (no ring)

@: appendage, very slow
A: almost no armour, stealthy swim, amphibious, 8 rings, constrict 8, tentacle
spike 3, camouflage 1, gelatinous body 1
a: End Transformation, Bend Time, Renounce Religion


You were on level 4 of the Dungeon.
You worshipped Cheibriados.
Cheibriados was noncommittal.
You were not hungry.
One of your tentacles had a temporary spike.
You visited 2 branches of the dungeon, and saw 5 of its levels.

You collected 207 gold pieces.

Inventory:

Missiles
 a - 45 arrows
Armour
 i - a +0 large shield
Jewellery
 e - a ring of protection from magic (left tentacle)
Wands
 o - a wand of flame (20)
Scrolls
 k - a scroll of immolation {unknown}
 m - a scroll of remove curse
 n - 2 scrolls of teleportation
 p - a scroll of enchant armour {unknown}
Potions
 b - 2 potions of cancellation
 d - 2 potions of mutation {unknown}
 f - a potion of brilliance {unknown}
 g - a potion of might
 h - a potion of lignification {unknown}
 j - a potion of heal wounds {unknown}
 l - 2 potions of curing {unknown}
Comestibles
 c - a ration


   Skills:
 - Level 1.0 Fighting
 - Level 2.0 Dodging
 * Level 4.3 Unarmed Combat
 - Level 2.0 Spellcasting
 * Level 5.3 Transmutations
 - Level 2.0 Poison Magic


You had 3 spell levels left.
You knew the following spells:

 Your Spells              Type           Power        Failure   Level  Hunger
a - Beastly Appendage     Tmut           ###...       1%          1    #......
b - Sticks to Snakes      Tmut           ###.....     3%          2    ###....
c - Spider Form           Tmut/Pois      ###.......   12%         3    ###....

Your spell library contained the following spells:

 Spells                   Type           Power        Failure   Level  Hunger
 Blade Hands              Tmut           ###.......   50%         5    ######.
 Ice Form                 Ice/Tmut       ##......     52%         4    #####..


Dungeon Overview and Level Annotations

Branches:
Dungeon (4/15)             Temple (1/1) D:4

Altars:
Ashenzari
Cheibriados
Dithmenos
Elyvilon
Fedhas
Gozag
Hepliaklqana
Kikubaaqudgha
Makhleb
Nemelex Xobeh
Okawaru
Qazlal
Ru
Sif Muna
Trog
Uskayaw
Vehumet
Wu Jian
Xom
Yredelemnul
Zin
The Shining One


Innate Abilities, Weirdness & Mutations

You cannot wear most types of armour.
You are very stealthy in the water. (Stealth+)
You are amphibious.
You can wear up to eight rings at the same time.
You can use your tentacles to constrict eight enemies at once.
Your skin changes colour to match your surroundings (Stealth+).
Your rubbery body absorbs attacks. (AC +1, EV +1)
One of your tentacles bears a large vicious spike.


Message History

Cheibriados appreciates the change of pace.
The jackal closely misses you. The jackal bites you.
* * * LOW HITPOINT WARNING * * *
You completely miss the jackal. You grab the jackal.
You constrict the jackal, but do no damage.
The jackal barely misses you.
The jackal misses you. x2; The jackal bites you.
* * * LOW HITPOINT WARNING * * *
You tentacle-slap the jackal.
You kill the jackal!
Cheibriados thoroughly appreciates the change of pace.
You constrict the jackal. The jackal closely misses you.
The jackal bites you but does no damage.
The jackal closely misses you.
The jackal stops to sniff the ground.
The jackal closely misses you.
You completely miss the jackal. Your grab misses the jackal.
You constrict the jackal. The jackal bites you.
* * * LOW HITPOINT WARNING * * *
The jackal bites you.
You die...

#. #........# ###.
#........#
...##........#
#.#..#.....##
#..###..........#
#.....P.P..[.....#
..#####.##.......#
#...P#...#P......#
#....@........##
##P#hhh#P....#
####.###.#...


P.P .... ... ... ..... .. ..?.. ....... You could see 3 jackals.

Vanquished Creatures
  2 hounds
  An orc priest (D:3)
  A worker ant (D:4)
  Robin (D:2)
  A howler monkey zombie (D:2)
  3 adders
  An ooze (D:3)
  2 dart slugs
  3 leopard geckos
  19 orcs (D:3)
  2 ball pythons
  2 giant cockroaches (D:3)
  20 goblins
  12 hobgoblins
  16 jackals
  6 bats
  4 frilled lizards
  A jackal skeleton (D:4)
  6 kobolds
  3 rats
106 creatures vanquished.

Notes
Turn   | Place    | Note
-------+----------+-------------------------------------------
     0 | D:1      | Hugehornet the Octopode Transmuter began the quest for the
                  | Orb.
     0 | D:1      | Reached XP level 1. HP: 13/13 MP: 3/3
   288 | D:1      | Reached XP level 2. HP: 18/18 MP: 3/5
   435 | D:1      | Reached skill level 3 in Transmutations
   673 | D:1      | Reached XP level 3. HP: 18/23 MP: 6/6
   677 | D:1      | Learned a level 2 spell: Sticks to Snakes
   681 | D:1      | Learned a level 3 spell: Spider Form
  1479 | D:2      | Noticed Robin
  1488 | D:2      | Reached skill level 4 in Transmutations
  1493 | D:2      | Killed Robin
  1493 | D:2      | Reached XP level 4. HP: 28/28 MP: 2/7
  1554 | D:2      | Found a shadowy altar of Dithmenos.
  2494 | D:3      | Reached XP level 5. HP: 31/33 MP: 2/8
  2512 | D:3      | Found a faded altar of an unknown god.
  2634 | D:3      | Reached skill level 1 in Poison Magic
  3191 | D:3      | Reached skill level 5 in Transmutations
  3920 | D:3      | Found a burning altar of Makhleb.
  3926 | D:3      | Reached XP level 6. HP: 35/38 MP: 5/9
  4236 | D:4      | Found a staircase to the Ecumenical Temple.
  4245 | Temple   | Entered the Ecumenical Temple
  4269 | Temple   | Became a worshipper of Cheibriados the Contemplative
  4901 | D:4      | Slain by a jackal

Levels and vault maps discovered:
D:1:      lightli_arrival_farm, layout_loops_ring, minmay_close_crescents
D:2:      layout_basic, nicolae_dithmenos_through_a_glass_darkly,
          chequers_serial_rivers_room_a, uniq_robin
D:3:      layout_loops_ring, chequers_ecumenical_altar_simple_redux,
          makhleb_heckhound_becter
D:4:      layout_rooms, minmay_temple_entry_gardened_gates,
          kennysheep_cluttered_room, minmay_hollow_rounded_squares,
          uniq_menkaure, uniq_crazy_yiuf_cottage
Temple:   nicolae_temple_the_god_donut

Skill      XL: |  1  2  3  4  5  6 |
---------------+-------------------+-----
Transmutations | 3 4 5 |  5.3
Poison Magic   | 1 2 |  2.0
Unarmed Combat | 4 |  4.3
Fighting       | |  1.0
Dodging        | |  2.0
Spellcasting   | |  2.0

Action                   |  1- 3 |  4- 6 || total
-------------------------+-------+-------++-------
Melee: Unarmed           |    74 |   208 ||   282
       Constrict         |    13 |    30 ||    43
       Kick              |    11 |    23 ||    34
       Tentacles         |     2 |    17 ||    19
       Punch             |     1 |     2 ||     3
 Cast: Beastly Appendage |    14 |    31 ||    45
       Spider Form       |     2 |     9 ||    11
  Use: Scroll            |     3 |     2 ||     5
 Stab: Sleeping          |     1 |     5 ||     6
  Eat: Chunk             |     1 |     9 ||    10
       Ration            |       |     2 ||     2
Armor: Skin              |    15 |    17 ||    32
Dodge: Dodged            |    65 |   132 ||   197
